 Dungeon Crawl Stone Soup version 0.16.2-12-gd0ad4c3 (webtiles) character file.

3581 faibistes the Thaumaturge (level 9, -3/49 HPs)
             Began as a Deep Elf Wizard on Jan 26, 2018.
             Was a Priest of Sif Muna.
             Slain by a manticore (12 damage)
             ... on level 8 of the Dungeon.
             The game lasted 00:30:28 (11911 turns).

faibistes the Thaumaturge (Deep Elf Wizard)        Turns: 11911, Time: 00:30:28

Health: -3/49      AC:  4    Str:  4    XL:     9   Next: 84%
Magic:  4/30       EV: 15    Int: 27    God:    Sif Muna [***...]
Gold:   171        SH:  0    Dex: 13    Spells: 6 memorised, 16 levels left

rFire  . . .     SeeInvis +     w - +1 dagger
rCold  . . .     Clarity  .     a - +0 robe
rNeg   . . .     SustAb   .     (no shield)
rPois  .         Gourm    .     b - +0 hat
rElec  .         Spirit   .     z - +1 cloak {+Inv}
rCorr  .         Warding  .     (no gloves)
rMut   .         Stasis   .     (no boots)
MR     .....                    (no amulet)
Stlth  +++.......               u - ring of see invisible
                                G - ring of stealth

@: manticore barbs, not resistant to hostile enchantments, fairly stealthy
A: no striking features
a: Channel Energy, Forget Spell, Renounce Religion, Evoke Invisibility


You were on level 8 of the Dungeon.
You worshipped Sif Muna.
Sif Muna was most pleased with you.
You were not hungry.

You visited 2 branches of the dungeon, and saw 10 of its levels.

You collected 367 gold pieces.
You spent 196 gold pieces at shops.

Inventory:

Hand weapons
 f - a +0 short sword
 w - a +1 dagger (weapon)
 y - a +0 flail of holy wrath
Armour
 a - a +0 robe (worn)
 b - a +0 hat (worn)
 z - a +1 cloak of invisibility (worn)
Jewellery
 j - an uncursed ring of flight
 u - a ring of see invisible (right hand)
 G - a ring of stealth (left hand)
Magical devices
 B - a wand of draining (4)
 I - a wand of confusion (25)
 L - a wand of paralysis (14)
Scrolls
 g - 6 scrolls of enchant weapon
 h - 3 scrolls of fear
 i - 2 scrolls of remove curse
 l - 2 scrolls of magic mapping
 m - a scroll of fog
 p - 6 scrolls of teleportation
 v - a scroll of immolation
Potions
 e - 5 potions of curing
 k - a potion of ambrosia
 n - a potion of haste
 o - 2 potions of brilliance
 r - 4 potions of heal wounds
 s - 2 potions of magic
 t - a potion of agility
 x - 2 potions of cancellation
 A - a potion of mutation {unknown}
 C - 2 potions of restore abilities
 D - 2 potions of flight
 J - 2 potions of lignification {unknown}
 M - a potion of might {unknown}
Books
 c - a book of Minor Magic

   Spells                             Type                      Level
   a - Magic Dart                     Conjuration                  1
   b - Blink                          Translocation                2
   c - Call Imp                       Summoning                    2
   d - Repel Missiles                 Charms/Air                   2
   e - Slow                           Hexes                        2
   f - Conjure Flame                  Conjuration/Fire             3
   g - Mephitic Cloud                 Conjuration/Poison/Air       3
Comestibles
 d - 4 bread rations
 q - 4 meat rations
 E - a slice of pizza
 F - 2 beef jerkies
 H - 3 fruits


   Skills:
 + Level 2.9 Fighting
 + Level 6.0 Dodging
 - Level 2.4 Stealth
 * Level 10.6 Spellcasting
 + Level 6.1 Conjurations
 + Level 1.3 Charms
 - Level 4.0 Summonings
 + Level 2.9 Translocations
 * Level 4.2 Fire Magic
 - Level 3.7 Air Magic
 - Level 2.7 Poison Magic
 * Level 2.0 Invocations
 + Level 3.2 Evocations


You had 16 spell levels left.
You knew the following spells:

 Your Spells              Type           Power        Failure   Level  Hunger
a - Magic Dart            Conj           ####         1%          1    None
b - Conjure Flame         Conj/Fire      #####...     1%          3    None
c - Call Imp              Summ           #####...     1%          2    None
d - Blink                 Tloc           N/A          1%          2    None
e - Mephitic Cloud        Conj/Pois/Air  #####...     2%          3    None
f - Repel Missiles        Chrm/Air       ####..       1%          2    None


Dungeon Overview and Level Annotations

Branches:
Dungeon (9/15)             Temple (1/1) D:5
   Lair: D:8-11         Orc: D:9-12

Altars:
Ashenzari
Cheibriados
Dithmenos
Elyvilon
Fedhas
Gozag
Kikubaaqudgha
Makhleb
Nemelex Xobeh
Okawaru
Qazlal
Sif Muna
Trog
Vehumet
Xom
Yredelemnul
Zin
The Shining One

Shops:
D:4 (   D:5 [   D:6 (!


Message History

The manticore is almost dead.
The manticore is engulfed in noxious fumes.
You hit the manticore but do no damage.
The manticore is almost dead.
The manticore misses you. The manticore closely misses you.
The manticore claws you.
You hit the manticore but do no damage.
The manticore is almost dead.
The manticore closely misses you. The manticore completely misses you.
The manticore barely misses you.
You hit the manticore but do no damage.
The manticore is almost dead.
The manticore barely misses you. The manticore completely misses you.
The manticore barely misses you.
You hit the manticore but do no damage.
The manticore is almost dead.
The manticore seems less confused.
The manticore bites you!!
* * * LOW HITPOINT WARNING * * *
The manticore claws you!
You die...

...# #.## ...# #.##
...# #..# #### ##.#
#.# #.# ########
#.# ....(..# ####
#####.# ######.#
#@H#########.....#
..# #.#
#[##........'.###..
#.# #.# #?
#...†....'.# ##.
#.####.#
##..########### #.
..#<...# ##
.......# ####
.......# #...
.......# #...
.......# #...


You could see a manticore.

Vanquished Creatures
  Pikel (D:4)
  The ghost of faibistes the Magician, an experienced DEWz (D:5)
  2 wyverns
  2 ice beasts (D:7)
  A slave (D:4)
  2 orc warriors
  3 ogres
  A centaur (D:6)
  Sigmund (D:4)
  2 giant frogs
  2 scorpions (D:4)
  A gnoll sergeant (D:6)
  3 wights (D:6)
  A goliath beetle (D:6)
  6 crimson imps
  A jelly (D:6)
  6 orc priests
  Crazy Yiuf (D:3)
  4 giant frog skeletons
  4 hounds
  6 worker ants
  6 orc wizards
  A killer bee zombie (D:7)
  Ijyb (D:3)
  2 hound skeletons (D:4)
  8 adders
  7 gnolls
  A giant mite (D:5)
  3 adder skeletons
  4 giant geckos
  28 orcs
  A ball python (D:3)
  10 bats
  A bat skeleton (D:6)
  7 goblins
  12 hobgoblins
  4 jackals
  14 kobolds
  4 quokkas
  4 giant cockroaches
  2 giant gecko skeletons
  A giant gecko zombie (D:5)
  4 giant newts
  A quokka zombie (D:8)
  15 rats
192 creatures vanquished.

Vanquished Creatures (collateral kills)
  An orc wizard (D:8)
  2 giant geckos (D:6)
  A jackal (D:2)
4 creatures vanquished.

Vanquished Creatures (others)
  A sky beast (D:6)
  A slave (D:4)
  2 crimson imps
  A shadow imp (D:6)
  A goblin (D:4)
6 creatures vanquished.

Grand Total: 202 creatures vanquished

Notes
Turn   | Place    | Note
--------------------------------------------------------------
     0 | D:1      | faibistes, the Deep Elf Wizard, began the quest for the Orb.
     0 | D:1      | Reached XP level 1. HP: 10/10 MP: 6/6
   215 | D:4      | Noticed a scorpion
   736 | D:1      | Reached XP level 2. HP: 15/15 MP: 2/10
   756 | D:1      | Learned a level 2 spell: Blink
   759 | D:1      | Learned a level 2 spell: Call Imp
   940 | D:1      | Reached skill level 5 in Spellcasting
  1307 | D:1      | Reached XP level 3. HP: 19/19 MP: 6/14
  1312 | D:1      | Learned a level 3 spell: Conjure Flame
  1316 | D:1      | Learned a level 3 spell: Mephitic Cloud
  2217 | D:4      | Noticed a giant frog skeleton
  2221 | D:4      | Killed a giant frog skeleton
  2221 | D:4      | Reached XP level 4. HP: 24/24 MP: 9/17
  2225 | D:4      | Learned a level 2 spell: Repel Missiles
  2354 | D:3      | You fall through a shaft for 2 floors!
  2354 | D:5      | Entered Level 5 of the Dungeon
  2421 | D:4      | Noticed an orc wizard
  2421 | D:4      | Noticed an orc wizard
  2421 | D:4      | Noticed an orc priest
  2421 | D:4      | Noticed an orc priest
  2422 | D:4      | Noticed a worker ant
  2428 | D:4      | Noticed Ijyb
  2626 | D:3      | Killed Ijyb
  2722 | D:3      | Found a blossoming altar of Fedhas.
  3248 | D:3      | Noticed Crazy Yiuf
  3255 | D:3      | Killed Crazy Yiuf
  3255 | D:3      | Reached skill level 6 in Spellcasting
  3255 | D:3      | Reached XP level 5. HP: 28/28 MP: 10/20
  3461 | D:4      | Killed a scorpion
  3724 | D:4      | Found Icawoot's Antique Weapon Emporium.
  3760 | D:4      | Noticed an orc priest
  3780 | D:4      | Killed an orc wizard
  3783 | D:4      | Killed an orc priest
  3913 | D:4      | Reached XP level 6. HP: 29/32 MP: 16/22
  4032 | D:4      | Noticed Sigmund
  4045 | D:4      | Killed Sigmund
  4045 | D:4      | Reached skill level 7 in Spellcasting
  4245 | D:4      | Killed a worker ant
  4313 | D:4      | Reached skill level 1 in Fighting
  4355 | D:4      | Killed an orc priest
  4355 | D:4      | Reached XP level 7. HP: 36/38 MP: 5/25
  4384 | D:4      | Noticed a scorpion
  4399 | D:4      | Killed a scorpion
  4399 | D:4      | Reached skill level 1 in Evocations
  4548 | D:4      | Killed an orc priest
  4551 | D:4      | Reached skill level 8 in Spellcasting
  4591 | D:4      | Noticed a slave
  4592 | D:4      | Noticed a slave
  4734 | D:4      | Found a deep blue altar of Sif Muna.
  4734 | D:4      | Noticed a slave
  4736 | D:4      | Noticed Pikel
  4791 | D:4      | Killed a slave
  4924 | D:4      | Killed Pikel
  4924 | D:4      | Reached skill level 5 in Dodging
  4924 | D:4      | Reached skill level 9 in Spellcasting
  4924 | D:4      | Reached XP level 8. HP: 33/45 MP: 21/28
  4927 | D:4      | Noticed a freed slave
  4995 | D:4      | Became a worshipper of Sif Muna the Loreminder
  5025 | D:5      | Found Faoc's Armour Emporium.
  5127 | D:4      | Noticed a worker ant
  5161 | D:4      | Killed a worker ant
  5322 | D:4      | Killed a freed slave
  6039 | D:5      | Noticed faibistes' ghost (experienced DEWz)
  6048 | D:5      | Killed faibistes' ghost
  6048 | D:5      | Reached skill level 1 in Fire Magic
  6048 | D:5      | Reached skill level 1 in Air Magic
  6048 | D:5      | Reached skill level 1 in Poison Magic
  6548 | D:6      | Acquired Sif Muna's first power
  6880 | D:5      | Found a staircase to the Ecumenical Temple.
  6886 | Temple   | Entered the Ecumenical Temple
  7985 | D:6      | Reached XP level 9. HP: 49/49 MP: 4/29
  8138 | D:6      | Found Afig Ilu's Distillery.
  8152 | D:6      | Reached skill level 5 in Conjurations
  8215 | D:6      | Bought a potion of magic for 112 gold pieces
  8215 | D:6      | Bought a potion of poison for 14 gold pieces
  8216 | D:6      | Bought a potion of heal wounds for 70 gold pieces
  8288 | D:6      | Acquired Sif Muna's second power
  8695 | D:6      | Found Psootry's Antique Weapon Shoppe.
  8864 | D:6      | Reached skill level 10 in Spellcasting
 10728 | D:7      | Reached skill level 1 in Invocations
 10792 | D:7      | Killed an orc wizard
 10900 | D:7      | Found a bloodstained altar of Trog.
 11262 | D:8      | Reached skill level 1 in Charms
 11879 | D:8      | Noticed a manticore
 11911 | D:8      | Slain by a manticore

Action                   |  1- 3 |  4- 6 |  7- 9 || total
-------------------------+-------+-------+-------++-------
Melee: Short sword       |     3 |       |       ||     3
       Dagger            |     2 |    20 |    69 ||    91
 Cast: Magic Dart        |    60 |   103 |   490 ||   653
       Conjure Flame     |     2 |    13 |    27 ||    42
       Call Imp          |     2 |       |     7 ||     9
       Mephitic Cloud    |       |    13 |    30 ||    43
       Blink             |       |     2 |     9 ||    11
       Repel Missiles    |       |     1 |     3 ||     4
  Use: Scroll            |     6 |     2 |    13 ||    21
       Potion            |       |     1 |     1 ||     2
 Stab: Confused          |       |     1 |    10 ||    11
  Eat: Chunk             |     4 |     6 |    21 ||    31
       Fruit             |       |       |     3 ||     3
